 Dungeon Crawl Stone Soup version 0.23.2-33-g5129a83184 (webtiles) character file.

Game seed: 14061866316154146281

217 psyvane the Grave Robber (level 5, -6/32 HPs)
             Began as a Deep Elf Necromancer on July 19, 2019.
             Was a Follower of Yredelemnul.
             Mangled by a centaur (8 damage)
             ... on level 6 of the Dungeon.
             The game lasted 00:13:15 (4076 turns).

psyvane the Grave Robber (Deep Elf Necromancer)     Turns: 4076, Time: 00:13:15

Health: -6/32      AC:  2    Str:  5    XL:     5   Next: 61%
Magic:  1/11       EV: 13    Int: 20    God:    Yredelemnul [*.....]
Gold:   148        SH:  0    Dex: 16    Spells: 1/10 levels left

rFire    . . .     SeeInvis .   h - +3 dagger (drain)
rCold    . . .     Gourm    .   (no shield)
rNeg     . . .     Faith    .   a - +0 robe
rPois    .         Spirit   .   (no helmet)
rElec    .         Reflect  .   (no cloak)
rCorr    .         Harm     .   (no gloves)
MR       .....     Rnd*Tele +   (no boots)
Stlth    +++.......             j - amulet of regeneration
HPRegen  0.50/turn              o - ring of teleportation (curse)
MPRegen  0.12/turn              n - ring of wizardry

@: lightly drained
A: no striking features
a: Animate Remains, Renounce Religion


You were on level 6 of the Dungeon.
You worshipped Yredelemnul.
Yredelemnul was aware of your devotion.
You were very hungry.

You visited 1 branch of the dungeon, and saw 4 of its levels.

You collected 148 gold pieces.

Inventory:

Hand Weapons
 e - a +0 dagger
 h - a +3 dagger of draining (weapon)
Missiles
 p - 17 poisoned needles
Armour
 a - a +0 robe (worn)
 f - a +0 buckler
Jewellery
 b - an uncursed ring of stealth
 j - an amulet of regeneration (around neck)
 n - a ring of wizardry (right hand)
 o - a cursed ring of teleportation (left hand)
 u - a +5 ring of intelligence {unknown}
Scrolls
 g - a scroll of blinking
 i - a scroll of magic mapping
 q - a scroll of teleportation
 r - 2 scrolls of identify
Potions
 d - a potion of might {unknown}
 k - a potion of cancellation {unknown}
 l - a potion of brilliance {unknown}
 m - a potion of haste {unknown}
 s - 2 potions of resistance {unknown}
 t - a potion of degeneration {unknown}
 v - a potion of berserk rage {unknown}
Comestibles
 c - 5 rations


   Skills:
 * Level 3.0(2.7) Fighting
 - Level 2.4(2.0) Dodging
 - Level 5.0(4.7) Stealth
 - Level 3.0(2.6) Spellcasting
 - Level 5.4(5.0) Necromancy


You had one spell level left.
You knew the following spells:

 Your Spells              Type           Power        Failure   Level  Hunger
a - Pain                  Necr           ###.         1%          1    None
b - Animate Skeleton      Necr           N/A          1%          1    None
c - Regeneration          Chrm/Necr      ##........   6%          3    ###....
d - Animate Dead          Necr           N/A          8%          4    ####...

Your spell library contained the following spells:

 Spells                   Type           Power        Failure   Level  Hunger
 Vampiric Draining        Necr           ###.......   2%          3    ###....


Dungeon Overview and Level Annotations

Branches:
Dungeon (3/15)

Altars:
Yredelemnul


Message History

Aiming: Pain (safe; 1% risk of failure)
Press: ? - help, Shift-Dir - straight line, f/p - centaur
Aim: a centaur (almost dead, lightly drained, chance to defeat MR: 84%)
The centaur barely resists.
The centaur misses you. The leopard gecko skeleton bites you.
* * * LOW HITPOINT WARNING * * *
The centaur hits you.
* * * LOW HITPOINT WARNING * * *
You feel better. The leopard gecko skeleton bites you.
* * * LOW HITPOINT WARNING * * *
The centaur hits you.
* * * LOW HITPOINT WARNING * * *
Okay, then.
The leopard gecko skeleton barely misses you.
The centaur misses you.
You see here a scroll of blinking.
g - a scroll of blinking The leopard gecko skeleton misses you.
The centaur hits you!
You die...
Your body rises from the dead as a mindless zombie.

.............
............## ...
#...........h#
..######.............##
##...##...#..##......$..
........##...#......#.#
###...#........#......##.
##.#...#cZ.....h.....###
#
#.....##.@##..#......(##
##.........(..##........#
#.....##................#
#...#######..#....#...###
##### ############


You could see a centaur, a jackal (wandering) and a leopard gecko skeleton.

Vanquished Creatures
  A centaur skeleton (D:6)
  An orc wizard (D:3)
  An orc priest (D:3)
  4 adders
  3 worms (D:2)
  A dart slug (D:1)
  3 leopard geckos
  4 orcs (D:3)
  3 giant cockroaches
  8 hobgoblins
  6 jackals
  A quokka (D:3)
  A ball python (D:1)
  7 bats
  5 frilled lizards
  6 goblins
  13 kobolds
  8 rats
76 creatures vanquished.

Vanquished Creatures (collateral kills)
  A goblin (D:3)
  A ball python (D:3)
  A frilled lizard (D:3)
3 creatures vanquished.

Grand Total: 79 creatures vanquished

Notes
Turn   | Place    | Note
-------+----------+-------------------------------------------
     0 | D:1      | psyvane the Deep Elf Necromancer began the quest for the
                  | Orb.
     0 | D:1      | Reached XP level 1. HP: 10/10 MP: 6/6
   346 | D:1      | Reached XP level 2. HP: 12/15 MP: 4/8
   826 | D:1      | Learned a level 1 spell: Animate Skeleton
  1280 | D:1      | Reached XP level 3. HP: 14/19 MP: 3/9
  1730 | D:2      | Reached skill level 5 in Stealth
  2053 | D:2      | Reached skill level 5 in Necromancy
  2238 | D:2      | Learned a level 3 spell: Regeneration
  2387 | D:2      | Reached XP level 4. HP: 10/24 MP: 7/10
  2774 | D:2      | Learned a level 4 spell: Animate Dead
  3180 | D:2      | Found a basalt altar of Yredelemnul.
  3184 | D:2      | Became a worshipper of Yredelemnul the Dark
  3385 | D:3      | Reached skill level 1 in Fighting
  3682 | D:3      | Reached XP level 5. HP: 5/30 MP: 2/11
  3784 | D:3      | Reached * piety under Yredelemnul
  3963 | D:3      | You fall through a shaft for 3 floors!
  3988 | D:6      | Noticed a centaur
  4059 | D:6      | Noticed a centaur
  4074 | D:6      | HP: 1/32 [centaur (5)]
  4076 | D:6      | Mangled by a centaur

Skill      XL: |  1  2  3  4  5 |
---------------+----------------+-----
Stealth        | 3 4 5 |  5.0
Necromancy     | 5 |  5.4
Fighting       | 2 3 |  3.0
Dodging        | |  2.4
Spellcasting   | |  3.0

Action                   |  1- 3 |  4- 6 || total
-------------------------+-------+-------++-------
Melee: Dagger            |    37 |    37 ||    74
 Cast: Pain              |    56 |    63 ||   119
       Animate Skeleton  |     8 |     7 ||    15
       Animate Dead      |       |     6 ||     6
  Use: Scroll            |     6 |     3 ||     9
       Potion            |       |     2 ||     2
 Stab: Sleeping          |     9 |     7 ||    16
       Distracted        |       |     1 ||     1
  Eat: Chunk             |     4 |     6 ||    10
Armor: Robe              |     6 |     8 ||    14
Dodge: Dodged            |    27 |    47 ||    74
